 Dungeon Crawl Stone Soup version 0.28-a0-247-gb8bfbab023 (webtiles) character file.

Game seed: 4463073212888228113

4360 SkeletonJelly the Carver (level 10, -5/82 (83) HPs)
             Began as a Grey Draconian Chaos Knight on Aug 26, 2021.
             Was a Plaything of Xom.
             Slain by a harpy (16 damage)
             ... on level 9 of the Dungeon.
             The game lasted 00:18:57 (8452 turns).

SkeletonJelly the Carver (DrCK)                     Turns: 8452, Time: 00:18:58

HP:   -5/82 (83)    AC: 12    Str: 18    XL:     10   Next: 12%
MP:   7/10          EV: 12    Int: 10    God:    Xom [....*.]
Gold: 440           SH:  4    Dex: 14    Spells: 9/9 levels left

rFire   + . .      SeeInvis +   a - +0 falchion (chaos)
rCold   x . .      Faith    .   (no shield)
rNeg    . . .      Spirit   .   (armour unavailable)
rPois   .          Reflect  .   (helmet restricted)
rElec   .          Harm     .   (no cloak)
rCorr   .          Rampage  .   (no gloves)
Will    +....      Clarity  +   (no boots)
Stlth   +.........              H - amulet of regeneration
HPRegen 1.23/turn               e - ring of see invisible
MPRegen 0.12/turn               p - ring of Ladatho {Fire Dex+3}

@: lightly drained
A: AC +12, amphibious, unfitting armour, cold-blooded, horns 1, large bone
plates 1, clarity, deterioration 1, dopey 1, strong-willed 1, sense surroundings
1, wild magic 1, evolution 1, MP-powered wands
a: Renounce Religion


You were on level 9 of the Dungeon.
You worshipped Xom.
You were a beloved toy of Xom.
You visited 1 branch of the dungeon, and saw 9 of its levels.

You collected 440 gold pieces.

Inventory:

Hand Weapons
 a - a +0 falchion of chaos (weapon)
 b - a +0 long sword
 D - a +0 scimitar
 E - a +3 dagger of chaos
 F - a +0 great sword
 G - a +2 fustibalus of freezing
 K - a +0 shortbow of flaming
 L - a +0 dagger of electrocution
Missiles
 z - a curare-tipped dart
 A - 27 poisoned darts (quivered)
Armour
 y - a +0 kite shield
Jewellery
 e - a ring of see invisible (left hand)
 h - an amulet of faith
 p - the ring of Ladatho (right hand) {Fire Dex+3}
   (Xom gifted it to you on level 4 of the Dungeon)

   [ring of fire]

   It enhances your fire magic.
   Dex:       It affects your dexterity (+3).
   rF:        It protects you from fire.
   rC:        It makes you vulnerable to cold.
 w - a ring of ice
 H - an amulet of regeneration (around neck)
Wands
 o - a wand of charming (6)
 t - a wand of acid (4)
Scrolls
 f - 2 scrolls of silence {unknown}
 g - 3 scrolls of teleportation
 j - 4 scrolls of noise {unknown}
 k - 7 scrolls of identify
 q - a scroll of holy word {unknown}
 r - 2 scrolls of amnesia {unknown}
 s - a scroll of enchant weapon {unknown}
 u - a scroll of enchant armour {unknown}
 v - 3 scrolls of vulnerability {unknown}
 B - a scroll of torment {unknown}
 I - a scroll of acquirement {unknown}
Potions
 c - 3 potions of curing
 d - 2 potions of flight
 i - a potion of heal wounds
 l - a potion of brilliance {unknown}
 m - a potion of haste {unknown}
 n - a potion of mutation {unknown}
 x - a potion of ambrosia {unknown}
 C - a potion of lignification {unknown}
 J - a potion of resistance {unknown}


   Skills:
 - Level 6.0 Fighting
 * Level 13.7 Long Blades
 - Level 2.2 Dodging


You had 9 spell levels left.
You didn't know any spells.
Your spell library contained the following spells:

 Spells                   Type           Power      Damage    Failure   Level
 Sting                    Tmut/Pois      0%         1d3       45%         1
 Corpse Rot               Necr/Air       N/A        N/A       58%         2
 Poisonous Vapours        Pois/Air       0%         N/A       58%         2
 Summon Guardian Golem    Hex/Summ       0%         N/A       82%         3
 Animate Dead             Necr           0%         N/A       99%         4
 Dispel Undead            Necr           0%         3d6       99%         4
 Summon Ice Beast         Ice/Summ       0%         N/A       99%         4
 Summon Lightning Spire   Summ/Air       0%         N/A       99%         4
 Borgnjor's Vile Clutch   Necr/Erth      0%         N/A       100%        5
 Freezing Cloud           Conj/Ice/Air   0%         6-21      100%        5
 Yara's Violent Unravell  Hex/Tmut       0%         3d3       100%        5
 Death Channel            Necr           0%         N/A       100%        6
 Haunt                    Necr/Summ      0%         N/A       100%        7


Dungeon Overview and Level Annotations

Branches:
Dungeon (9/15)             Temple (0/1) D:7
   Lair: D:8-11         Orc: D:9-12

Altars:
Dithmenos
Gozag
Hepliaklqana
Okawaru
Ru
Wu Jian
Xom
Yredelemnul
The Shining One

Shops:
D:4 (   D:5 ?   D:9 ?

Annotations:
D:7 1 runed translucent door, timneilson's ghost, novice GrFi
D:8 2 transporters, rogsnak's ghost, novice DjFE


Innate Abilities, Weirdness & Mutations

Your dull iron-grey scales are very hard. (AC +12)
You are amphibious.
You cannot fit into any form of body armour.
You are cold-blooded and may be slowed by cold attacks.
You have a pair of small horns on your head.
You are partially covered in large bone plates. (SH +4)
You possess an exceptional clarity of mind.
Your body sometimes deteriorates upon taking damage.
You are dopey. (Int -2)
You are strong-willed. (Will+)
You passively map a small area around you.
Your spells are a little harder to cast, but a little more powerful.
You have hidden genetic potential.
You expend magic power (3 MP) to strengthen your wands.


Message History

You hit the wight but do no damage.
Your tail-slap misses the wight.
The wight is heavily damaged.
The wight closely misses you.
You riposte.
You hit the wight but do no damage.
The wight flickers and vanishes for a moment.
Your headbutt misses the wight.
The wight is heavily damaged.
You hit the wight but do no damage. Lightning courses through the wight!!
You destroy the wight!
You hit the yak.
You feel better.
You headbutt the yak, but do no damage.
The yak is moderately wounded.
You hit the yak but do no damage. Your headbutt misses the yak.
The yak is moderately wounded.
Xom's power touches on a nearby monster.
The yak suddenly stops moving!
You block the yak's attack.
You hit the yak but do no damage. Your headbutt misses the yak.
The yak is moderately wounded.
You barely miss the yak. You headbutt the yak.
Your tail-slap misses the yak.
The yak is moderately wounded.
The yak gores you!
You take 7 damage, and have 47/82 hp.
You barely miss the yak. You tail-slap the yak.
The yak is heavily wounded.
The orc wizard hits the yak but does no damage.
The yak snorts and paws the ground.
The yak misses you.
You riposte.
You hit the yak.
You feel better.
The yak is heavily wounded.
You regained 2 hp, and now have 49/82 hp.
You hit the yak but do no damage.
The yak is heavily wounded.
You slash the yak!
The yak appears confused.
You headbutt the yak, but do no damage. You tail-slap the yak.
The yak is almost dead.
The orc wizard hits the yak but does no damage.
You hit the yak but do no damage.
The yak evaporates and reforms as a harpy!
The harpy is lightly wounded.
The orc wizard seems less confused.
The harpy closely misses you.
You riposte.
You slash the harpy!
The harpy seems to grow stronger.
You headbutt the harpy. You tail-slap the harpy.
The harpy is moderately wounded.
You block the harpy's attack.
The orc wizard mumbles some strange words.
The orc wizard flickers and vanishes for a moment.
You completely miss the harpy. Your headbutt misses the harpy.
The harpy is moderately wounded.
The harpy claws you! The harpy claws you but does no damage.
You take 10 damage, and have 42/82 hp.
You hit the harpy.
You headbutt the harpy, but do no damage.
The harpy is moderately wounded.
The harpy claws you!!
You emit a cloud of colourful smoke!
The harpy barely misses you.
You take 17 damage, and have 25/82 hp.
MASSIVE DAMAGE!!
You hit the harpy. You burn the harpy.
You headbutt the harpy, but do no damage.
The harpy is heavily wounded.
Your butterfly disappears in a puff of smoke!
The harpy closely misses you. The harpy claws you.
* * * LOW HITPOINT WARNING * * *
The harpy closely misses you. The harpy claws you but does no damage.
You take 5 damage, and have 20/82 hp.
You swap places.
The harpy screeches!
The harpy claws your quasit. The harpy closely misses your quasit.
Your quasit completely misses the harpy.
Your quasit claws the harpy but does no damage.
Your quasit claws the harpy.
The harpy misses your quasit. The harpy claws your quasit!
Your quasit dies!
Items here: (( ) ††.
The yak is no longer paralysed.
Items here: ))) ††.
The harpy claws you.
* * * LOW HITPOINT WARNING * * *
The harpy claws you but does no damage. The harpy claws you!
* * * LOW HITPOINT WARNING * * *
The harpy claws you but does no damage.
You see here 16 arrows.
You take 8 damage, and have 15/82 hp.
The harpy claws you.
* * * LOW HITPOINT WARNING * * *
The harpy misses you.
You take 3 damage, and have 12/82 hp.
Aiming: Corrosive Bolt
Press: ? - help, Shift-Dir - straight line, f - harpy
Aim: a harpy (heavily wounded, strong, 71% to hit)
You feel a surge of power!
The bolt of acid hits the harpy!
The harpy is splashed with acid!
The acid corrodes the harpy!
The harpy is almost dead.
The bolt of acid hits the yak!
The yak is splashed with acid!
The acid corrodes the yak!
The yak is severely wounded.
The bolt of acid hits the yak!
The yak is splashed with acid.
The yak is heavily wounded.
The harpy claws you.
* * * LOW HITPOINT WARNING * * *
The harpy barely misses you. The harpy claws you!
You die...
Xom bursts into laughter!

** * ### ,, ,... * ###* *#.###
#<# ...# #)### #.####
####.#.#<#########b...###########
.....))))o§YY))H@.....'..........
.....#)#.########.#######..#####
....##.#.# #.#.....#..# , ...z
#.#.# ..#.>.∩.#..# ..., #.#.#
#..#.....#..# * z. ,#.#.#
#..#######..# .. ,#.#.., ,
..#.#.......#, #.###** ,##
$#.......# , * #.....#.# *


You could see 2 yaks, a harpy (strong, corroded) and an orc wizard (invisible).

Vanquished Creatures
  A centaur warrior (D:8)
  A spriggan (shapeshifter) (D:3)
  2 yaks (D:9)
  2 water moccasins
  2 ice beasts (D:8)
  6 ogres
  A necrophage (D:4)
  2 centaurs
  A phantom (D:5)
  3 kobold brigands
  2 bullfrogs (D:8)
  A scorpion (D:6)
  11 killer bees
  7 wights
  A howler monkey (D:9)
  2 centaur zombies
  5 hounds
  3 orc priests
  A gnoll shaman (D:5)
  A centaur skeleton (D:6)
  Jessica (D:2)
  Natasha (twice) (D:2)
  5 iguanas
  3 orc wizards
  A killer bee zombie (D:8)
  7 adders
  3 gnolls (D:5)
  2 dart slugs
  19 orcs
  6 bats
  8 endoplasms
  6 giant cockroaches
  5 goblins
  13 hobgoblins
  15 kobolds
  2 quokkas
  7 ball pythons
  5 frilled lizards
  A quokka skeleton (D:4)
  8 rats
174 creatures vanquished.

Vanquished Creatures (collateral kills)
  A killer bee (D:7)
  A hound (D:4)
  An orc wizard (D:4)
  2 orcs (D:4)
5 creatures vanquished.

Vanquished Creatures (others)
  2 wights (D:7)
  An adder (D:4)
3 creatures vanquished.

Grand Total: 182 creatures vanquished

Notes
Turn   | Place    | Note
-------+----------+-------------------------------------------
     0 | D:1      | SkeletonJelly the Draconian Chaos Knight began the quest
                  | for the Orb.
     0 | D:1      | Reached XP level 1. HP: 19/19 MP: 1/1
   130 | D:1      | Reached XP level 2. HP: 26/26 MP: 2/2
   228 | D:1      | XOM: divination: detect items
   479 | D:1      | XOM: 7-stop teleportation journey
   596 | D:1      | XOM: smoke on damage
   693 | D:1      | Reached XP level 3. HP: 33/33 MP: 3/3
   882 | D:1      | Found a glowing golden altar of the Shining One.
  1138 | D:2      | Reached skill level 4 in Long Blades
  1409 | D:2      | XOM: 1-stop teleportation journey
  1423 | D:2      | Found a basalt altar of Yredelemnul.
  1602 | D:2      | Reached XP level 4. HP: 24/40 MP: 4/4
  1839 | D:2      | Noticed Natasha
  1850 | D:2      | Killed Natasha
  1970 | D:2      | Found a faded altar of an unknown god.
  2185 | D:2      | Noticed Natasha
  2195 | D:2      | Killed Natasha
  2249 | D:2      | Noticed Jessica
  2253 | D:2      | XOM: summons friendly ufetubus
  2254 | D:2      | Killed Jessica
  2255 | D:2      | Reached skill level 5 in Long Blades
  2255 | D:2      | Reached XP level 5. HP: 47/47 MP: 5/5
  2268 | D:2      | XOM: give mutations
  2268 | D:2      | Gained mutation: Your tail ends in a poisonous barb. [Xom's
                  | grace]
  2268 | D:2      | Gained mutation: You are strong-willed. (Will+) [Xom's
                  | grace]
  2268 | D:2      | Gained mutation: You have a pair of small horns on your
                  | head. [Xom's grace]
  2316 | D:3      | XOM: give mutations
  2316 | D:3      | Gained mutation: You possess an exceptional clarity of
                  | mind. [Xom's grace]
  2316 | D:3      | Gained mutation: Your spells are a little harder to cast,
                  | but a little more powerful. [Xom's grace]
  2316 | D:3      | Gained mutation: Your muscles are strong. (Str +2) [Xom's
                  | grace]
  2374 | D:3      | Noticed Sigmund
  2375 | D:3      | Noticed Sigmund
  2375 | D:3      | Sigmund changed into Sigmund the shapeshifter
  2375 | D:3      | XOM: polymorph Sigmund -> Sigmund the shapeshifter
  2375 | D:3      | Noticed Sigmund
  2375 | D:3      | Sigmund the shapeshifter changed into Sigmund the unseen
                  | horror
  2392 | D:3      | Noticed Sigmund
  2392 | D:3      | Sigmund the unseen horror changed into Sigmund the spriggan
  2394 | D:3      | Killed Sigmund the spriggan
  2395 | D:3      | Reached skill level 5 in Fighting
  2395 | D:3      | Reached skill level 6 in Long Blades
  2395 | D:3      | Reached XP level 6. HP: 32/56 MP: 6/6
  2679 | D:3      | XOM: smoke on damage
  2723 | D:3      | XOM: god gift: scroll labelled MITUHO KOYKLO {god gift}
  3253 | D:4      | XOM: god gift: bone wand {god gift}
  3345 | D:4      | XOM: god gift: Xom's Catalogue of Spores {god gift}
  3354 | D:4      | XOM: give mutations
  3354 | D:4      | Gained mutation: You expend magic power (3 MP) to
                  | strengthen your wands. [Xom's grace]
  3354 | D:4      | Gained mutation: You have hidden genetic potential. [Xom's
                  | grace]
  3354 | D:4      | Gained mutation: You passively map a small area around you.
                  | [Xom's grace]
  3354 | D:4      | Gained mutation: You are partially covered in large bone
                  | plates. (SH +4) [Xom's grace]
  3365 | D:4      | Got Xom's Catalogue of Spores {god gift}
  3366 | D:4      | XOM: god gift: transparent bronze ring {god gift}
  3366 | D:4      | Identified the ring of Ladatho {Fire Dex+3} (Xom gifted it
                  | to you on level 4 of the Dungeon)
  3542 | D:4      | XOM: cast spell 'Dispersal'
  3559 | D:4      | Your scales start taking on a dull iron-grey colour.
  3559 | D:4      | Reached XP level 7. HP: 61/62 MP: 7/7
  3559 | D:4      | XOM: 1-stop teleportation journey
  3618 | D:4      | Reached skill level 7 in Long Blades
  3675 | D:4      | XOM: destruction
  3684 | D:4      | Found Uduafu's Weapon Shoppe.
  3872 | D:5      | Entered Level 5 of the Dungeon
  3939 | D:5      | XOM: god gift: 52 gold pieces
  3945 | D:5      | XOM: destruction
  3972 | D:5      | Reached skill level 8 in Long Blades
  4062 | D:5      | XOM: silly message
  4091 | D:5      | XOM: cloud trail
  4129 | D:5      | XOM: god gift: wand of acid (7)
  4212 | D:5      | Reached XP level 8. HP: 46/70 MP: 8/8
  4384 | D:5      | Found Bynk's Magic Scroll Emporium.
  4592 | D:5      | Found an ornate altar of the Wu Jian Council.
  4592 | D:5      | Found an opulent altar of Gozag.
  4592 | D:5      | Found a sacrificial altar of Ru.
  4592 | D:5      | Found a shadowy altar of Dithmenos.
  4598 | D:5      | Reached skill level 9 in Long Blades
  4647 | D:5      | XOM: give mutations
  4647 | D:5      | Lost mutation: Your muscles are strong. (Str +2) [Xom's
                  | mischief]
  4647 | D:5      | Gained mutation: You are dopey. (Int -2) [Xom's mischief]
  4647 | D:5      | Lost mutation: Your tail ends in a poisonous barb. [Xom's
                  | mischief]
  4659 | D:5      | XOM: give mutation
  4659 | D:5      | Gained mutation: Your body sometimes deteriorates upon
                  | taking damage. [Xom's mischief]
  4742 | D:5      | Found an iron altar of Okawaru.
  4743 | D:5      | Found a hazy altar of Hepliaklqana.
  4844 | D:6      | XOM: chaos upgrade
  5480 | D:6      | XOM: noise
  5671 | D:7      | XOM: draining
  5693 | D:7      | Found a runed translucent door.
  5694 | D:7      | Found a shimmering altar of Xom.
  5694 | D:7      | Noticed timneilson's ghost (novice GrFi)
  5695 | D:7      | Noticed a +1 mace of chaos
  5711 | D:7      | Found a staircase to the Ecumenical Temple.
  5789 | D:7      | XOM: cloud trail
  5858 | D:7      | XOM: 1-stop teleportation journey
  5893 | D:7      | Reached skill level 10 in Long Blades
  5967 | D:7      | XOM: 1-stop teleportation journey
  6187 | D:7      | XOM: blink monster(s)
  6193 | D:7      | XOM: noise
  6342 | D:7      | XOM: enchant monster (bad)
  6356 | D:7      | XOM: chaos upgrade
  6368 | D:7      | XOM: divine lightning
  6525 | D:7      | XOM: polymorph kobold -> dart slug
  6527 | D:7      | Reached skill level 11 in Long Blades
  6532 | D:7      | XOM: summons 4 friendly demons
  6537 | D:7      | Reached XP level 9. HP: 21/75 MP: 9/9
  6562 | D:7      | XOM: divination: detect creatures
  6600 | D:7      | XOM: enchant monster (good)
  6647 | D:7      | XOM: swap monsters
  7432 | D:8      | Found a transporter.
  7433 | D:8      | Found a transporter.
  7433 | D:8      | Noticed rogsnak's ghost (novice DjFE)
  7519 | D:8      | XOM: cast spell 'Summon Small Mammal'
  7627 | D:8      | Noticed a centaur warrior
  7695 | D:8      | Reached skill level 12 in Long Blades
  7701 | D:8      | XOM: smoke on damage
  7787 | D:8      | XOM: cloud trail
  7903 | D:8      | XOM: enchant monster (bad)
  7927 | D:8      | XOM: scenery: 1 doors open
  8126 | D:8      | XOM: enchant monster (good)
  8129 | D:8      | XOM: divination: magic mapping
  8138 | D:8      | Killed a centaur warrior
  8139 | D:8      | Reached skill level 13 in Long Blades
  8194 | D:8      | XOM: cloud trail
  8289 | D:9      | XOM: silly message
  8294 | D:9      | XOM: potion effect (brilliance)
  8314 | D:9      | XOM: smoke on damage
  8321 | D:9      | Found Duroemio's Magic Scroll Boutique.
  8321 | D:9      | XOM: 2-stop teleportation journey
  8365 | D:9      | Reached XP level 10. HP: 78/81 MP: 10/10
  8382 | D:9      | XOM: confuse monster(s)
  8384 | D:9      | XOM: polymorph orc warrior -> iguana
  8405 | D:9      | XOM: scenery: summon butterflies
  8426 | D:9      | XOM: summons friendly quasit
  8437 | D:9      | XOM: enchant monster (good)
  8443 | D:9      | Noticed a harpy
  8443 | D:9      | a yak changed into a harpy
  8445 | D:9      | XOM: smoke on damage
  8452 | D:9      | Slain by a harpy

Illustrated notes

Levels and vault maps discovered:
D:1:      lightli_arrival_chessboard, layout_basic, kennysheep_flooded_box
D:2:      layout_basic, hellmonk_ecumenical_altar_slurped_away, basic_altar,
          minmay_misc_feat_hallway, uniq_jessica, uniq_natasha
D:3:      layout_loops_cross, uniq_sigmund
D:4:      layout_rooms, serial_shops, shop, minmay_between
D:5:      layout_loops_ring, minmay_overflow_temple_hex, serial_shops, shop
D:6:      layout_loops_ring
D:7:      layout_gridville, minmay_temple_entry_metal_lava, ebering_ghost_xom
D:8:      layout_basic, gammafunk_ghost_arena, kennysheep_opposing_triangles
D:9:      layout_basic, serial_shops, nicolae_take_the_stairs, uniq_harold

Skill      XL: |  1  2  3  4  5  6  7  8  9 |
---------------+----------------------------+-----
Long Blades    | 4 5 6 8 11 13 | 13.7
Fighting       | 4 5 6 |  6.0
Dodging        | |  2.2

Action                   |  1- 3 |  4- 6 |  7- 9 | 10-12 || total
-------------------------+-------+-------+-------+-------++-------
Melee: Falchion          |   108 |   120 |   325 |    57 ||   610
       Tailslap          |    13 |    17 |    52 |    13 ||    95
       Headbutt          |       |    15 |    73 |    16 ||   104
Evoke: Wand              |       |       |     3 |     1 ||     4
  Use: Potion            |       |     1 |       |       ||     1
       Scroll            |       |       |     2 |       ||     2
 Stab: Sleeping          |     1 |     2 |     2 |       ||     5
       Paralysed         |       |       |     1 |       ||     1
       Confused          |       |       |     1 |     1 ||     2
       Distracted        |       |       |       |     1 ||     1
Armor: Skin              |    29 |    27 |   113 |    12 ||   181
Dodge: Dodged            |    82 |    62 |   197 |    19 ||   360
Block: Other             |       |     5 |    48 |     5 ||    58
       Rpst.: Falchion   |    28 |    17 |    65 |     6 ||   116

Table legend: (Time is in decaauts)
 A = Elapsed time spent in this place.
 B = Non-inter-level travel time spent in this place.
 C = Inter-level travel time spent in this place.
 D = Time resting spent in this place.
 E = Time spent auto-exploring this place.
 F = Levels seen in this place.
 G = Mean time per level.
                   A        B        C        D        E       F      G
               +--------+--------+--------+--------+--------+-----+--------+
         Total |   8352 |   8048 |    304 |      0 |   6606 |   9 |  928.0 |
       Dungeon |   8352 |   8048 |    304 |      0 |   6606 |   9 |  928.0 |
               +--------+--------+--------+--------+--------+-----+--------+

Top non-repeatable levels by time:
     D:7: 1610 daAuts
     D:2: 1225 daAuts
     D:1: 1089 daAuts
     D:8: 984 daAuts
     D:5: 958 daAuts
     D:3: 869 daAuts
     D:6: 771 daAuts
     D:4: 709 daAuts
     D:9: 133 daAuts
